 Dungeon Crawl Stone Soup version 0.18-a0-486-gab6c0bd (console) character file.

67 bli the Insei (level 3, 0/33 HPs)
             Began as a Draconian Monk on Dec 2, 2015.
             Was an Initiate of Qazlal.
             Killed from afar by a white imp (6 damage)
             ... with a puff of frost
             ... summoned by Natasha
             ... on level 2 of the Dungeon.
             The game lasted 00:06:36 (1372 turns).

bli the Insei (Draconian Monk)                      Turns: 1372, Time: 00:06:36

Health: 0/33       AC:  6    Str: 13    XL:     3   Next: 98%
Magic:  3/3        EV: 13    Int: 10    God:    Qazlal [......]
Gold:   133        SH:  0    Dex: 14    Spells: 0 memorised, 2 levels left

rFire  . . .     SeeInvis .       - Unarmed
rCold  . . .     Clarity  .     (armour unavailable)
rNeg   . . .     SustAt   .     (no shield)
rPois  .         Gourm    .     (helmet restricted)
rElec  .         Spirit   .     (no cloak)
rCorr  .         Dismiss  .     (no gloves)
rMut   .         Stasis   .     i - +0 pair of boots
MR     .....                    (no amulet)
Stlth  ++........               (no ring)
                                (no ring)

@: drained, not resistant to hostile enchantments, unstealthy
A: unfitting armour, cold-blooded, AC +5
a: Renounce Religion


You were on level 2 of the Dungeon.
You worshipped Qazlal.
Qazlal was noncommittal.
You were hungry.

You visited 1 branch of the dungeon, and saw 2 of its levels.

You collected 133 gold pieces.

Inventory:

Hand Weapons
 e - a +2 short sword of draining
Missiles
 b - 88 stones (quivered)
Armour
 i - a +0 pair of boots (worn)
Scrolls
 g - 2 scrolls of identify {unknown}
 h - a scroll of teleportation {unknown}
 j - a scroll of random uselessness {unknown}
Potions
 c - a potion of brilliance {unknown}
Comestibles
 a - a bread ration
 f - a beef jerky


   Skills:
 * Level 4.1(3.8) Fighting
 + Level 3.4(3.2) Dodging
 - Level 2.0(1.8) Stealth
 + Level 4.4(4.1) Unarmed Combat


You had 2 spell levels left.
You didn't know any spells.

Dungeon Overview and Level Annotations

Branches:
Dungeon (2/15)

Altars:
Ashenzari
Cheibriados
Dithmenos
Makhleb
Nemelex Xobeh
Qazlal
Ru
Sif Muna
Vehumet

Annotations:
D:2 Natasha, Sigmund


Innate Abilities, Weirdness & Mutations

Your plain brown scales are hard (AC +5).
Your body does not fit into most forms of armour.
You are cold-blooded and may be slowed by cold attacks.


Message History

You barely miss something. You miss something.
Your tail-slap misses something.
You hit something but do no damage. Something hits you but does no damage.
You hit something but do no damage.
Natasha casts a spell.
Something hits you but does no damage.
You hit something. Natasha barely misses you.
You miss something. The white imp gestures at you. The puff of frost hits you!
* * * LOW HITPOINT WARNING * * *
You hear some strange, mumbled words.
Something tries to affect you, but you resist.
Natasha stares at you and mumbles some strange words.
The magic dart hits you!
* * * LOW HITPOINT WARNING * * *
You barely miss something. The white imp gestures at you.
The puff of frost hits you!
You die...

#........................
#....##...........###...#
#....##...........##.....
#....##...#####..........
#....##...#..............
#....##...#..............
###......................
#.............)..#.....
#................#.....
#......h.........#.....
##.@5.........#.....
#....{.................
#......................
#......................
#......................
#............###.......
#............# #.......
#............# #.......
..........# #.....##
########## #.....# .....#


You could see Natasha and a white imp.

Vanquished Creatures
  Natasha (D:2)
  A worm (D:2)
  2 giant geckos
  8 bats
  3 giant cockroaches (D:1)
  3 hobgoblins (D:1)
  5 kobolds
  2 giant newts
  6 goblins
  7 rats
  2 toadstools (D:1)
40 creatures vanquished.

Vanquished Creatures (others)
  2 toadstools (D:1)
2 creatures vanquished.

Grand Total: 42 creatures vanquished

Notes
Turn   | Place    | Note
--------------------------------------------------------------
     0 | D:1      | bli the Draconian Monk began the quest for the Orb.
     0 | D:1      | Reached XP level 1. HP: 19/19 MP: 1/1
   129 | D:1      | Reached XP level 2. HP: 21/26 MP: 2/2
   300 | D:1      | Found a shattered altar of Ashenzari.
   747 | D:2      | Found a sacrificial altar of Ru.
   747 | D:2      | Found a snail-covered altar of Cheibriados.
   747 | D:2      | Found a deep blue altar of Sif Muna.
   754 | D:2      | Became a worshipper of Ru the Awakened
   764 | D:2      | Reached XP level 3. HP: 26/33 MP: 3/3
   949 | D:2      | Found a radiant altar of Vehumet.
   950 | D:2      | Found a burning altar of Makhleb.
  1062 | D:2      | Found a sparkling altar of Nemelex Xobeh.
  1066 | D:2      | Found a shadowy altar of Dithmenos.
  1073 | D:2      | Found a stormy altar of Qazlal.
  1077 | D:2      | Fell from the grace of Ru
  1077 | D:2      | Became a worshipper of Qazlal Stormbringer
  1156 | D:2      | Noticed Natasha
  1173 | D:2      | Killed Natasha
  1349 | D:2      | Noticed Sigmund
  1364 | D:2      | Noticed Natasha
  1372 | D:2      | Killed from afar by a white imp

Vault maps used:
D:1:      ldierk_water_garden, nicolae_ashenzari_panopticon
D:2:      good_gods_temple_1, grunt_temple_overflow_open,
          grunt_temple_overflow_diamond, minitemple, serial_bayou_pond_e,
          kennysheep_generic_room_5, uniq_sigmund, uniq_jessica, uniq_natasha

Action                   || total
-------------------------++-------
Melee: Unarmed           ||   149
Invok: Reject Sacrifices ||     1
 Stab: Sleeping          ||     3
  Eat: Chunk             ||     1
